 Dungeon Crawl Stone Soup version 0.23.2-1-ga50397a (webtiles) character file.

Game seed: 18039284591005997998

1955 Kahsius the Cleaver (level 8, 0/73 HPs)
             Began as a Minotaur Berserker on May 3, 2019.
             Was an Elder of Trog.
             Slain by a gnoll
             ... wielding a +0 spear
              (4 damage)
             ... on level 5 of the Dungeon.
             The game lasted 00:07:17 (3588 turns).

Kahsius the Cleaver (Minotaur Berserker)            Turns: 3588, Time: 00:07:18

Health: 0/73       AC:  7    Str: 21    XL:     8   Next: 99%
Magic:  7/7        EV:  9    Int:  4    God:    Trog [****..]
Gold:   267        SH: 12    Dex: 13    Spells: 7/7 levels left

rFire    . . .     SeeInvis .   a - +0 hand axe
rCold    . . .     Gourm    +   v - +0 large shield
rNeg     . . .     Faith    .   i - +0 ring mail
rPois    .         Spirit   .   (helmet restricted)
rElec    .         Reflect  .   o - +0 cloak
rCorr    .         Harm     .   (no gloves)
MR       .....                  (no boots)
Stlth    +.........             h - amulet of the gourmand
HPRegen  0.22/turn              (no ring)
MPRegen  0.10/turn              (no ring)

@: berserk cooldown, slowed, very slow
A: retaliatory headbutt, horns 2
a: Berserk, Trog's Hand, Brothers in Arms, Renounce Religion


You were on level 5 of the Dungeon.
You worshipped Trog.
Trog was greatly pleased with you.
You were very full.

You visited 1 branch of the dungeon, and saw 5 of its levels.

You collected 267 gold pieces.

Inventory:

Hand Weapons
 a - a +0 hand axe (weapon)
Armour
 b - a +0 animal skin
 i - a +0 ring mail (worn)
 o - a +0 cloak (worn)
 v - a +0 large shield (worn)
Jewellery
 h - an amulet of the gourmand (around neck)
Scrolls
 e - a scroll of fear {unknown}
 f - a scroll of enchant weapon {unknown}
 g - 5 scrolls of identify
 j - a scroll of noise {unknown}
 r - 2 scrolls of amnesia {unknown}
 t - 2 scrolls of remove curse
 w - a scroll of fog {unknown}
 y - a scroll of teleportation {unknown}
 A - a scroll of enchant armour {unknown}
Potions
 d - a potion of mutation {unknown}
 k - a potion of ambrosia {unknown}
 l - a potion of cancellation {unknown}
 m - a potion of flight {unknown}
 n - 3 potions of haste
 p - 3 potions of agility {unknown}
 s - 2 potions of curing {unknown}
 u - a potion of lignification {unknown}
 x - a potion of brilliance {unknown}
 z - a potion of degeneration {unknown}
Comestibles
 c - 4 rations
 q - 3 chunks of flesh


   Skills:
 + Level 7.2 Fighting
 * Level 9.6 Axes
 + Level 6.7 Armour
 + Level 6.0 Dodging


You had 7 spell levels left.
You didn't know any spells.
Your spell library was empty.

Dungeon Overview and Level Annotations

Branches:
Dungeon (5/15)
 Temple: D:4-7

Altars:
Elyvilon

Annotations:
D:5 Menkaure


Innate Abilities, Weirdness & Mutations

You reflexively headbutt those who attack you in melee.
You have a pair of horns on your head.


Message History

The yak gores you.
* * * LOW HITPOINT WARNING * * *
The gnoll hits you but does no damage. You block the yak's attack.
Your skin stops crawling.
You feel less resistant to hostile enchantments.
You block the gnoll's attack.
You see here a hound skeleton.
The iguana hisses menacingly.
Menkaure gestures wildly while chanting.
Menkaure seems to speed up.
The yak gores you!
* * * LOW HITPOINT WARNING * * *
You block the gnoll's attack.
Found a twisted spear.
Menkaure calls on the powers of darkness!
The iguana convulses!
The gnoll convulses!
The yak convulses!
Your body is wracked with pain!
* * * LOW HITPOINT WARNING * * *
The yak barely misses you.
The gnoll hits you from afar with a +0 spear.
You die...

#...#........##.# ...
#...............# ..###
...##.#.........###...##
......#.........[[.....#
†...........÷...<)..[.#
......#.....)M.#.[...##
......#........##.....#
..............l......##
.....##...[...gY@>....#
.....###.........#....#
..........##....###.###
..(......###....# #.#
.........> #..... ...
..........#..........
.............)......#
............#.......


You could see a yak, Menkaure, an iguana and a gnoll.

Vanquished Creatures
  Pikel (D:5)
  5 yaks (D:5)
  An ice beast (D:4)
  4 slaves (D:5)
  An ogre (D:5)
  3 orc priests
  2 hounds
  4 worker ants (D:4)
  5 orc wizards
  9 gnolls
  5 adders
  2 oozes (D:3)
  2 worms (D:4)
  A dart slug (D:4)
  2 leopard geckos
  11 orcs
  11 bats
  5 giant cockroaches
  10 goblins
  7 hobgoblins
  7 jackals
  11 kobolds
  4 quokkas
  2 ball pythons
  2 frilled lizards
  A quokka skeleton (D:4)
  15 rats
133 creatures vanquished.

Notes
Turn   | Place    | Note
-------+----------+-------------------------------------------
     0 | D:1      | Kahsius the Minotaur Berserker began the quest for the Orb.
     0 | D:1      | Reached XP level 1. HP: 19/19 MP: 0/0
   207 | D:1      | Reached XP level 2. HP: 27/27 MP: 1/1
   212 | D:1      | Reached skill level 4 in Axes
   721 | D:2      | Reached ** piety under Trog
   762 | D:2      | Reached XP level 3. HP: 33/33 MP: 2/2
   809 | D:2      | Found a faded altar of an unknown god.
  1320 | D:3      | Reached XP level 4. HP: 36/40 MP: 3/3
  1538 | D:3      | Reached *** piety under Trog
  1656 | D:3      | Reached skill level 5 in Axes
  1802 | D:3      | Reached XP level 5. HP: 24/47 MP: 4/4
  2579 | D:4      | Reached XP level 6. HP: 55/55 MP: 5/5
  2580 | D:4      | Reached **** piety under Trog
  2580 | D:4      | Reached skill level 6 in Axes
  2582 | D:4      | Reached skill level 5 in Fighting
  2805 | D:4      | Noticed an ice beast
  2824 | D:4      | Killed an ice beast
  3007 | D:4      | Reached XP level 7. HP: 61/61 MP: 6/6
  3179 | D:4      | Found a white marble altar of Elyvilon.
  3459 | D:5      | Entered Level 5 of the Dungeon
  3459 | D:5      | Noticed Pikel
  3476 | D:5      | Killed Pikel
  3476 | D:5      | Reached skill level 7 in Axes
  3476 | D:5      | Reached skill level 5 in Armour
  3476 | D:5      | Reached XP level 8. HP: 70/70 MP: 7/7
  3506 | D:5      | Reached skill level 8 in Axes
  3509 | D:5      | Reached skill level 5 in Dodging
  3563 | D:5      | Noticed Menkaure
  3568 | D:5      | Reached skill level 9 in Axes
  3588 | D:5      | Slain by a gnoll

Skill      XL: |  1  2  3  4  5  6  7  8 |
---------------+-------------------------+-----
Axes           | 4 5 6 7 9 |  9.6
Fighting       | 4 5 6 7 |  7.2
Armour         | 3 4 5 6 |  6.7
Dodging        | 3 4 6 |  6.0

Action                   |  1- 3 |  4- 6 |  7- 9 || total
-------------------------+-------+-------+-------++-------
Melee: Hand axe          |    88 |   158 |    58 ||   304
       Headbutt          |    13 |    24 |    10 ||    47
Invok: Berserk           |       |     3 |     2 ||     5
       Trog's Hand       |       |       |     2 ||     2
  Use: Scroll            |     4 |       |       ||     4
 Stab: Sleeping          |     1 |       |       ||     1
  Eat: Chunk             |     1 |    21 |     4 ||    26
Armor: Animal skin       |    17 |       |       ||    17
       Ring mail         |       |    48 |    17 ||    65
Dodge: Dodged            |    52 |    40 |    17 ||   109
Block: Buckler           |    10 |       |       ||    10
       Large shield      |       |    94 |    38 ||   132
